 Zot Defence DCSS version 0.15.2 (webtiles) character file.

9430 blackwizard the Poker (level 11, -3/103 (107) HPs)
             Began as a Troll Summoner on May 26, 2017.
             Shot with an arrow of frost by a centaur (7 damage)
             ... in the Realm of Zot (Scenario V: Glassed Sandwich).
             The game lasted 00:16:51 (2229 turns).

blackwizard the Poker (Troll Summoner)              Turns: 2229, Time: 00:16:51

HP  -3/103 (107) AC  5     Str 21      XL: 11   Next: 22%
MP   1/14        EV 12     Int 11      God:
Gold 0           SH  0     Dex 10      Spells:  2 memorised, 11 levels left

rFire  . . .     SeeInvis .     m - +1 halberd (vamp)
rCold  . . .     Clarity  .     a - +0 robe
rNeg   . . .     rCorr    .     (shield restricted)
rPois  .         rRot     .     (helmet restricted)
rElec  .         Spirit   .     (no cloak)
SustAb .         Warding  .     (gloves unavailable)
rMut   .         Stasis   .     (boots unavailable)
Gourm  +                        (no amulet)
MR     .....                    (no ring)
                                (no ring)

@: very slightly contaminated, not resistant to hostile enchantments, very
unstealthy
A: unfitting armour, claws 3, fast metabolism 3, gourmand, regeneration 2,
saprovore 2, shaggy fur 1, tough skin 2
a: Make oklob sapling, Make arrow trap, Make plant, Remove Curse, Make burning
bush, Make altar, Make grenades, Make oklob plant, Make net trap, Make ice
statue, Make spear trap, Make alarm trap


You were in the Realm of Zot.
You were not hungry.

You visited 1 branch

Inventory:

Hand weapons
 j - a +0 dagger
 k - a +0 falchion
 m - a +1 vampiric halberd (weapon)
Armour
 a - a +0 robe (worn)
 n - a +0 robe
 o - a +0 plate armour of fire resistance
 p - a +0 robe
Magical devices
 l - a wand of random effects (3) {unknown}
Comestibles
 d - 2 meat rations
Scrolls
 i - a scroll of blinking
Potions
 c - 3 potions of curing
 e - a potion of heal wounds
 f - a potion of haste
 g - 2 potions of magic
 h - a potion of berserk rage
Books
 b - a book of Callings

   Spells                             Type                      Level
   *Summon Small Mammal               Summoning                    1
   Call Imp                           Summoning                    2
   Call Canine Familiar               Summoning                    3
   Summon Guardian Golem              Hexes/Summoning              4
   *Summon Lightning Spire            Summoning/Air                4
   Summon Ice Beast                   Ice/Summoning                4


   Skills:
 + Level 6.4 Fighting
 + Level 3.3(3.6) Short Blades
 + Level 1.8(2.8) Long Blades
 + Level 6.6 Polearms
 + Level 6.5 Dodging
 - Level 1.1 Stealth
 + Level 2.6 Unarmed Combat
 + Level 3.3 Spellcasting
 + Level 6.0 Summonings
 + Level 3.1 Air Magic


You had 11 spell levels left.
You knew the following spells:

 Your Spells              Type           Power        Failure   Level  Hunger
a - Summon Small Mammal   Summ           ###.         2%          1    #......
b - Summon Lightning Spi  Summ/Air       ##......     45%         4    #####..


Dungeon Overview and Level Annotations

Branches:
    Zot (1/1)

Altars:


Innate Abilities, Weirdness & Mutations

You are too large for most types of armour.
You have claws for hands.
Your metabolism is lightning-fast.
You like to eat raw meat.
You heal very quickly.
You can eat rotten meat.
You are covered in fur (AC +1).
You have very tough skin (AC +2).


Message History

* * * LOW HITPOINT WARNING * * *
The centaur wields a shortbow.
The centaur shoots an arrow of frost.
The arrow of frost hits you.
* * * LOW HITPOINT WARNING * * *
The arrow of frost freezes you.
* * * LOW HITPOINT WARNING * * *
You see here an arrow of frost.
Unknown command.
Casting: Summon Lightning Spire
Confirm with . or Enter, or press ? or * to list all spells.
Aiming: Summon Lightning Spire
Press: ? - help, Dir - move target cursor You miscast Summon Lightning Spire.
The world appears momentarily distorted.
The centaur shoots an arrow of frost.
The arrow of frost hits you but does no damage.
The arrow of frost freezes you.
* * * LOW HITPOINT WARNING * * *
The centaur shoots an arrow of frost.
The arrow of frost hits you!
You die...

...▓▓............................
....▓▓...........................
.....▓▓..........................
......▓▓▓▓▓▓▓▓▓▓▓▓▓▓▓▓▓▓▓▓▓▓▓▓...
0.▓▓▓▓▓▓▓▓▓∆∆∆∆∆∆∆∆∆∆∆∆∆∆∆∆∆∆▓▓..
......▓▓▓▓▓▓▓▓▓▓▓▓▓▓▓▓▓▓▓▓▓▓▓▓...
.....▓▓..S..F....................
....▓▓...........................
...▓▓...........@..B.............
..▓▓...........y....c............
.▓▓..................yc..........
...................dzg.W.........
▓▓▓▓▓▓▓▓▓▓▓▓▓▓▓▓▓▓▓▓▓▓▓d.........
Jg...(.........gud......W........
.......u.......{Dy...............
%.............yF.Dd..............
g.......D.c...Jczd.y.............


You could see a mottled draconian, a white draconian, 2 moths of wrath, a boring
beetle shaped shifter, a yaktaur, a phantom, a water moccasin, a giant frog
(berserk), a centaur, a boggart and a wight.

Vanquished Creatures
  A troll (Zot)
  Psyche (Zot)
  A yaktaur (Zot)
  A slime creature (Zot)
  3 black bears (Zot)
  A hell hound (Zot)
  2 orc warriors (Zot)
  An ogre (Zot)
  A big kobold (Zot)
  A wight (Zot)
  A centaur zombie (Zot)
  A quasit (Zot)
  A worker ant (Zot)
  4 hounds (Zot)
  2 orange rats (Zot)
  2 sheep (Zot)
  3 adders (Zot)
  4 gnolls (Zot)
  4 green rats (Zot)
  2 giant mites (Zot)
  2 worms (Zot)
  2 giant geckos (Zot)
  2 orcs (Zot)
  8 giant cockroaches (Zot)
  17 goblins (Zot)
  2 hobgoblins (Zot)
  8 jackals (Zot)
  3 oozes (Zot)
  A quokka (Zot)
  3 ball pythons (Zot)
  3 bats (Zot)
  4 giant newts (Zot)
  A giant spore (Zot)
  8 kobolds (Zot)
  7 rats (Zot)
108 creatures vanquished.

Vanquished Creatures (collateral kills)
  3 ugly things (Zot)
  2 yaktaurs (Zot)
  A yak (Zot)
  2 slime creatures (Zot)
  2 vampires (Zot)
  A deep elf fighter (Zot)
  A wyvern (Zot)
  A naga (Zot)
  An ogre (Zot)
  A centaur (Zot)
  A boggart (Zot)
  A gnoll sergeant (Zot)
  Blork the orc (Zot)
  A killer bee (Zot)
  2 gnoll shamans (Zot)
  A goliath beetle (Zot)
  2 hounds (Zot)
  2 orc wizards (Zot)
  A quasit (Zot)
  2 iguanas (Zot)
  4 orange rats (Zot)
  Ijyb (Zot)
  Terence (Zot)
  5 gnolls (Zot)
  4 adders (Zot)
  A giant mite (Zot)
  An ooze (Zot)
  4 orcs (Zot)
  4 bats (Zot)
  2 giant cockroaches (Zot)
  4 goblins (Zot)
  5 hobgoblins (Zot)
  2 jackals (Zot)
  2 quokkas (Zot)
  2 giant spores (Zot)
  2 kobolds (Zot)
  2 rats (Zot)
  2 butterflies (Zot)
77 creatures vanquished.

Vanquished Creatures (others)
  A ball lightning (Zot)
  An ice statue (Zot)
  8 oklob plants (Zot)
  8 ice beasts (Zot)
  An ogre (Zot)
  A gnoll sergeant (Zot)
  2 killer bees (Zot)
  A hound (Zot)
  6 lightning spires (Zot)
  A giant spore (Zot)
  2 rats (Zot)
  A butterfly (Zot)
33 creatures vanquished.

Grand Total: 218 creatures vanquished

Notes
Turn   | Place    | Note
--------------------------------------------------------------
     0 | Zot      | blackwizard, the Troll Summoner, began the quest for the Orb.
     0 | Zot      | Reached XP level 1. HP: 16/16 MP: 2/2
   217 | Zot      | Reached skill level 3 in Summonings
   276 | Zot      | Reached XP level 2. HP: 24/24 MP: 2/2
   277 | Zot      | Noticed Skecw
   302 | Zot      | Killed Skecw the black bear
   302 | Zot      | Reached skill level 1 in Unarmed Combat
   302 | Zot      | Reached skill level 4 in Summonings
   302 | Zot      | Reached XP level 3. HP: 28/32 MP: 3/3
   302 | Zot      | Reached XP level 4. HP: 35/40 MP: 4/4
   302 | Zot      | Reached XP level 5. HP: 40/46 MP: 4/4
   338 | Zot      | Reached XP level 6. HP: 54/54 MP: 5/5
   405 | Zot      | Reached skill level 1 in Fighting
   409 | Zot      | Reached skill level 5 in Summonings
   680 | Zot      | Noticed Terence
   764 | Zot      | Reached XP level 7. HP: 60/62 MP: 6/6
   937 | Zot      | Noticed Ijyb
  1042 | Zot      | Killed Terence
  1042 | Zot      | Reached skill level 1 in Short Blades
  1071 | Zot      | Noticed Blork the orc
  1095 | Zot      | Killed Blork the orc
  1122 | Zot      | Learned a level 4 spell: Summon Lightning Spire
  1138 | Zot      | Killed Ijyb
  1168 | Zot      | Reached XP level 8. HP: 63/74 MP: 2/6
  1265 | Zot      | Reached skill level 5 in Dodging
  1329 | Zot      | Noticed Ekuoco
  1338 | Zot      | Reached skill level 1 in Long Blades
  1419 | Zot      | Noticed Psyche
  1532 | Zot      | Reached skill level 1 in Polearms
  1551 | Zot      | Killed Psyche
  1551 | Zot      | Reached skill level 1 in Air Magic
  1551 | Zot      | Reached XP level 9. HP: 80/84 MP: 5/10
  1649 | Zot      | Reached skill level 6 in Dodging
  1668 | Zot      | Noticed a ball lightning
  1669 | Zot      | Killed a ball lightning
  1788 | Zot      | Killed Ekuoco the troll
  1805 | Zot      | Reached XP level 10. HP: 91/94 MP: 6/11
  1831 | Zot      | Reached skill level 5 in Fighting
  1891 | Zot      | Reached skill level 5 in Polearms
  1990 | Zot      | Noticed a brown ugly thing
  1997 | Zot      | Noticed a tentacled monstrosity
  1999 | Zot      | Noticed a red ugly thing
  2001 | Zot      | Noticed a fire dragon
  2002 | Zot      | Noticed a red ugly thing
  2003 | Zot      | Noticed an ice dragon
  2004 | Zot      | Noticed a death cob
  2055 | Zot      | Noticed a golden dragon
  2071 | Zot      | Noticed a red draconian scorcher
  2071 | Zot      | Noticed a grey draconian monk
  2071 | Zot      | Noticed a white draconian
  2071 | Zot      | Noticed a yellow draconian shifter
  2120 | Zot      | Killed a white ugly thing
  2134 | Zot      | Reached XP level 11. HP: 83/101 MP: 8/14
  2140 | Zot      | Noticed a salamander
  2146 | Zot      | Noticed a brown ugly thing
  2147 | Zot      | Noticed a brown ugly thing
  2151 | Zot      | Noticed a brown ugly thing
  2152 | Zot      | a salamander changed into a boring beetle
  2152 | Zot      | Killed a purple ugly thing
  2160 | Zot      | Noticed a fire dragon
  2160 | Zot      | Noticed a fire dragon
  2163 | Zot      | Noticed a fire dragon
  2163 | Zot      | Noticed a tentacled monstrosity
  2164 | Zot      | Killed a purple ugly thing
  2165 | Zot      | Noticed a mottled draconian
  2166 | Zot      | Noticed a fire dragon
  2168 | Zot      | Noticed a storm dragon
  2169 | Zot      | Noticed a white draconian
  2169 | Zot      | Noticed an ice dragon
  2169 | Zot      | Noticed an ice dragon
  2206 | Zot      | Noticed a white draconian
  2213 | Zot      | HP: 5/103 [boring beetle (shapeshifter) (24)]
  2228 | Zot      | HP: 5/103 [centaur/arrow of frost (2)]
  2229 | Zot      | Shot with an arrow of frost by a centaur

Action                   |  1- 3 |  4- 6 |  7- 9 | 10-12 || total
-------------------------+-------+-------+-------+-------++-------
Melee: Unarmed           |    38 |    94 |       |       ||   132
       Dagger            |       |   146 |   230 |       ||   376
       Falchion          |       |       |    37 |       ||    37
       Halberd           |       |       |   212 |   113 ||   325
 Cast: Summon Lightning  |       |       |     4 |     6 ||    10
 Abil: Make oklob plant  |       |       |     4 |     4 ||     8
       Make ice statue   |       |       |       |     1 ||     1
 Stab: Distracted        |       |       |     1 |       ||     1
